Predators vs Red Wings
Created - June 3, 2017 at 19:03
Goals
|
Predators |
0 |
2 |
3 |
5 |
Red Wings |
2 |
1 |
0 |
3 |
|
Shots
|
Predators |
8 |
7 |
7 |
22 |
Red Wings |
10 |
19 |
7 |
36 |
|
1st period
1. Red Wings , Ales Hemsky 2 (Alex Picard 2, Tyler Johnson 3) at 14:55
2. Red Wings , Tyler Johnson 3 (Filip Kuba 1) at 16:15 (PP)
Penalties :
Sean Bergenheim (Det) for Slashing (Minor) at 3:21, Kris Vernarsky (Nas) for Roughing (Minor) at 12:46, David Jones (Nas) for Hooking (Minor) at 15:44, Alexander Ovechkin (Nas) for Hooking (Minor) at 16:38
2nd period
3. Predators , Niclas Bergfors 1 (Ryan Kesler 3, Ryan Mcdonagh 4) at 3:38
4. Red Wings , Sean Bergenheim 2 (Steve Downie 2, Shea Weber 3) at 12:43
5. Predators , Alexander Ovechkin 2 (Niclas Bergfors 3, Alexander Edler 3) at 14:24
Penalties :
Filip Kuba (Det) for Hooking (Minor) at 9:27, Alexander Edler (Nas) for Hooking (Minor) at 15:01
3rd period
6. Predators , Dmitri Kalinin 2 (Ryan Kesler 4, Niclas Bergfors 4) at 5:42 (PP)
7. Predators , Ryan Kesler 1 (Alexander Ovechkin 4, Dmitri Kalinin 1) at 10:44 (PP)
8. Predators , Ryan Kesler 2 (Niclas Bergfors 5, Alexander Ovechkin 5) at 16:13
Penalties :
Andy Miele (Nas) for Slashing (Minor) at 1:58, Brendan Bell (Det) for Hooking (Minor) at 4:59, Rick Nash (Det) for Hooking (Minor) at 10:10
Goalie Stats
Chad Johnson (Nas), 33 saves from 36 shots - (0.917), W, 1-1-0, 60:00 minutes
Michal Neuvirth (Det), 17 saves from 22 shots - (0.773), L, 3-1-1, 60:00 minutes
Players Stats for Predators
Player Name G A P +/- PIM S H SB GA TA FO MP PP MP PK MP
------------------------------------------------------------------------------------
Adam Burish 0 0 0 0 0 0 3 0 0 1 0/1 14:52 0:06 4:34
Alexander Edler 0 1 1 0 2 0 1 0 0 1 0/0 26:05 3:06 2:34
Alexander Ovechkin 1 2 3 2 2 3 1 0 2 1 2/3 23:19 3:18 2:35
Alexander Steen 0 0 0 -1 0 3 1 0 0 0 0/1 13:08 0:00 0:21
Andy Miele 0 0 0 0 2 0 0 0 0 0 0/1 6:18 0:00 0:00
Barret Jackman 0 0 0 0 0 0 0 0 0 1 0/0 14:21 2:09 0:04
Brett Clark 0 0 0 1 0 1 0 5 0 0 0/0 18:56 0:00 4:59
Byron Bitz 0 0 0 0 0 2 1 1 0 0 0/1 16:56 1:57 2:30
David Jones 0 0 0 0 2 0 0 0 1 0 0/0 6:06 0:06 0:00
Dmitri Kalinin 1 1 2 1 0 1 0 1 0 0 0/0 16:56 2:09 0:50
Frans Nielsen 0 0 0 0 0 0 0 1 0 1 3/12 14:40 0:00 2:11
James Van Riemsdyk 0 0 0 0 0 1 1 0 0 1 0/0 11:53 1:57 0:00
John Moore 0 0 0 0 0 0 0 2 0 1 0/0 16:39 0:00 5:04
Kris Vernarsky 0 0 0 -1 2 1 0 0 0 0 0/0 6:09 0:00 0:00
Mikael Granlund 0 0 0 -1 0 2 1 0 0 0 0/8 12:26 1:57 0:19
Niclas Bergfors 1 3 4 2 0 1 0 0 0 0 1/1 20:25 3:12 0:00
Ryan Kesler 2 2 4 2 0 6 3 0 0 0 23/45 25:04 3:12 4:24
Ryan Mcdonagh 0 1 1 0 0 1 2 3 0 0 0/0 27:15 3:06 3:23
Players Stats for Red Wings
Player Name G A P +/- PIM S H SB GA TA FO MP PP MP PK MP
------------------------------------------------------------------------------------
Adam Henrique 0 0 0 1 0 3 0 0 0 0 5/7 10:30 0:12 0:00
Ales Hemsky 1 0 1 1 0 2 1 0 0 0 0/0 10:30 0:12 0:00
Alex Picard 0 1 1 1 0 3 2 0 0 0 0/0 11:09 0:00 1:13
Brendan Bell 0 0 0 0 2 1 0 0 0 0 0/0 8:22 0:00 0:00
Casey Wellman 0 0 0 0 0 0 0 0 0 0 0/0 6:29 0:00 0:00
Filip Kuba 0 1 1 0 2 3 2 2 0 0 0/0 23:26 3:36 0:00
Jiri Fischer 0 0 0 -1 0 3 4 3 0 0 0/0 23:47 3:36 2:29
Marc Savard 0 0 0 -2 0 1 4 0 0 1 17/32 20:06 4:23 0:00
Mike Duco 0 0 0 0 0 3 1 0 0 0 0/0 6:48 0:07 0:00
Nate Thompson 0 0 0 0 0 0 1 0 0 0 4/5 6:29 0:00 0:00
Ole-Kristian Tollefsen 0 0 0 -1 0 0 1 0 1 0 0/0 25:18 4:51 2:46
Phil Kessel 0 0 0 -2 0 4 0 0 4 0 1/3 20:06 4:23 0:00
Rick Nash 0 0 0 -2 2 1 2 0 1 0 2/4 22:52 4:28 2:20
Sean Bergenheim 1 0 1 0 2 4 1 1 0 0 2/2 19:17 3:52 1:38
Shea Weber 0 1 1 0 0 1 1 2 0 2 0/0 27:50 4:51 2:46
Steve Downie 0 1 1 0 0 2 0 0 0 0 0/0 19:55 3:52 2:24
Tim Ramholt 0 0 0 0 0 0 1 0 0 0 0/0 11:15 0:00 2:29
Tyler Johnson 1 1 2 0 0 5 0 1 1 0 13/20 20:32 3:52 2:55
3 Stars
1 - Ryan Kesler (Nas)
2 - Niclas Bergfors (Nas)
3 - Alexander Ovechkin (Nas)
Power Play
Predators - 2 on 4 Attempt(s) - 50.00%
Red Wings - 1 on 5 Attempt(s) - 20.00%
Penalty Kill
Predators - 4 on 5 Attempt(s) - 80.00%
- Score 0 goal in Penalty Kill
Red Wings - 2 on 4 Attempt(s) - 50.00%
- Score 0 goal in Penalty Kill
Team Stat
Predators - Hits : 14 - Faceoff Wins : 29 - Blocked Shots : 13 - Penalty Minutes : 10
Red Wings - Hits : 21 - Faceoff Wins : 44 - Blocked Shots : 9 - Penalty Minutes : 8
Official
Referees : Dwyer Gord and Martell Rob
Linesman : Tony Sericolo and Brad Lazarowich
Game Notes
No Game Note
Finance
Level 1 -- Attendance: 6000 (100.00%) -- Ticket Income $480,000
Level 2 -- Attendance: 4086 (81.72%) -- Ticket Income $224,730
Level 3 -- Attendance: 1822 (91.10%) -- Ticket Income $63,770
Level 4 -- Attendance: 3318 (82.95%) -- Ticket Income $82,950
Luxury Box -- Attendance: 981 (98.10%) -- Ticket Income $161,865
Game was played at the Joe Louis Arena.
Total Attendance: 16207 (90.04%)
Total Ticket Income: $1,013,315
Other Income: $151,997
Total Income: $1,165,312
Predators
5 vs 5 Forward
Center Left Wing Right Wing Time % Phy DF OF
1 Ryan Kesler Alexander Ovechkin Niclas Bergfors 40 2 1 2
2 Frans Nielsen Alexander Steen Byron Bitz 30 1 2 2
3 Mikael Granlund James Van Riemsdyk Adam Burish 20 1 2 2
4 Andy Miele Kris Vernarsky David Jones 10 1 2 2
5 vs 5 Defense
Defense Defense Time % Phy DF OF
1 Alexander Edler Ryan Mcdonagh 40 1 2 2
2 Dmitri Kalinin Brett Clark 30 1 2 2
3 Barret Jackman John Moore 20 1 2 2
4 Barret Jackman John Moore 10 1 2 2
PowerPlay Forward
Center Left Wing Right Wing Time % Phy DF OF
1 Ryan Kesler Alexander Ovechkin Niclas Bergfors 60 1 0 4
2 Mikael Granlund James Van Riemsdyk Byron Bitz 40 1 0 4
PowerPlay Defense
Defense Defense Time % Phy DF OF
1 Ryan Mcdonagh Alexander Edler 60 1 1 3
2 Dmitri Kalinin Barret Jackman 40 1 1 3
Penalty Kill 4 Players Forward
Center Wing Time % Phy DF OF
1 Ryan Kesler Adam Burish 60 1 2 1
2 Alexander Ovechkin Byron Bitz 40 1 2 2
Penalty Kill 4 Players Defense
Defense Defense Time % Phy DF OF
1 John Moore Brett Clark 60 1 3 1
2 Alexander Edler Ryan Mcdonagh 40 1 3 1
Penalty Kill - 3 Players Forward
Forward Time % Phy DF OF
1 Byron Bitz 60 1 3 1
2 Adam Burish 40 1 3 1
Penalty Kill - 3 Players Defense
Defense Defense Time % Phy DF OF
1 Alexander Edler Ryan Mcdonagh 60 1 4 0
2 John Moore Brett Clark 40 1 4 0
4 vs 4 Forward
Center Wing Time % Phy DF OF
1 Ryan Kesler Alexander Ovechkin 60 1 2 2
2 Byron Bitz Niclas Bergfors 40 1 2 2
4 vs 4 Defense
Defense Defense Time % Phy DF OF
1 Alexander Edler Ryan Mcdonagh 60 1 2 2
2 Barret Jackman Dmitri Kalinin 40 1 2 2
Last Minutes Offensive
Center Left Wing Right Wing Defense Defense
Ryan Kesler Alexander Ovechkin Niclas Bergfors Ryan Mcdonagh Alexander Edler
Last Minutes Defensive
Center Left Wing Right Wing Defense Defense
Ryan Kesler Alexander Ovechkin Byron Bitz John Moore Ryan Mcdonagh
Goaltenders
Starting : Chad Johnson
Backup : Viktor Fasth
Extra Forwards
Normal : Andy Miele, James Van Riemsdyk, Adam Burish - PP : James Van Riemsdyk, Adam Burish - PK : Frans Nielsen
Extra Defensemen
Normal : John Moore, Dmitri Kalinin, Barret Jackman - PP : John Moore - PK : Dmitri Kalinin, Brett Clark
Penalty Shots
Alexander Ovechkin, Ryan Kesler, Byron Bitz, Niclas Bergfors, Alexander Steen
Scratches
Andrej Meszaros (Healthy)
Red Wings
5 vs 5 Forward
Center Left Wing Right Wing Time % Phy DF OF
1 Marc Savard Rick Nash Phil Kessel 40 0 2 3
2 Tyler Johnson Sean Bergenheim Steve Downie 33 0 2 3
3 Adam Henrique Alex Picard Ales Hemsky 20 0 3 2
4 Nate Thompson Casey Wellman Mike Duco 7 1 2 2
5 vs 5 Defense
Defense Defense Time % Phy DF OF
1 Shea Weber Filip Kuba 40 0 3 2
2 Jiri Fischer Ole-Kristian Tollefsen 35 0 3 2
3 Brendan Bell Tim Ramholt 15 1 3 1
4 Brendan Bell Tim Ramholt 10 1 3 1
PowerPlay Forward
Center Left Wing Right Wing Time % Phy DF OF
1 Marc Savard Rick Nash Phil Kessel 60 0 1 4
2 Tyler Johnson Sean Bergenheim Steve Downie 40 0 1 4
PowerPlay Defense
Defense Defense Time % Phy DF OF
1 Shea Weber Ole-Kristian Tollefsen 60 0 2 3
2 Filip Kuba Jiri Fischer 40 0 2 3
Penalty Kill 4 Players Forward
Center Wing Time % Phy DF OF
1 Tyler Johnson Steve Downie 50 1 2 2
2 Rick Nash Sean Bergenheim 50 1 2 2
Penalty Kill 4 Players Defense
Defense Defense Time % Phy DF OF
1 Shea Weber Ole-Kristian Tollefsen 50 1 2 2
2 Jiri Fischer Tim Ramholt 50 1 2 2
Penalty Kill - 3 Players Forward
Forward Time % Phy DF OF
1 Tyler Johnson 60 1 2 2
2 Steve Downie 40 1 2 2
Penalty Kill - 3 Players Defense
Defense Defense Time % Phy DF OF
1 Shea Weber Ole-Kristian Tollefsen 50 1 2 2
2 Jiri Fischer Tim Ramholt 50 1 2 2
4 vs 4 Forward
Center Wing Time % Phy DF OF
1 Marc Savard Rick Nash 60 1 2 2
2 Tyler Johnson Phil Kessel 40 1 2 2
4 vs 4 Defense
Defense Defense Time % Phy DF OF
1 Shea Weber Ole-Kristian Tollefsen 60 1 2 2
2 Jiri Fischer Filip Kuba 40 1 2 2
Last Minutes Offensive
Center Left Wing Right Wing Defense Defense
Marc Savard Rick Nash Phil Kessel Shea Weber Ole-Kristian Tollefsen
Last Minutes Defensive
Center Left Wing Right Wing Defense Defense
Tyler Johnson Rick Nash Steve Downie Shea Weber Ole-Kristian Tollefsen
Goaltenders
Starting : Michal Neuvirth
Backup : Ilya Bryzgalov
Extra Forwards
Normal : Rick Nash, Sean Bergenheim, Adam Henrique - PP : Adam Henrique, Ales Hemsky - PK : Sean Bergenheim
Extra Defensemen
Normal : Shea Weber, Filip Kuba, Brendan Bell - PP : Brendan Bell - PK : Filip Kuba, Brendan Bell
Penalty Shots
Rick Nash, Steve Downie, Shea Weber, Phil Kessel, Marc Savard
Scratches
Mike Brown (Torso Injury), Mike Richards (Sprained Left Finger Injury)
% Time on Ice - Predators
Lines # - Real PCT - Wanted PCT - Time Play
Normal Forward
1 - 39% - 40% - 17:56
2 - 27% - 30% - 12:29
3 - 21% - 20% - 9:53
4 - 13% - 10% - 6:00
Normal Defense
1 - 41% - 40% - 19:12
2 - 34% - 30% - 15:31
3 - 19% - 20% - 8:47
4 - 6% - 10% - 2:48
PP Forward
1 - 63% - 60% - 3:18
2 - 37% - 40% - 1:57
PP Defense
1 - 59% - 60% - 3:06
2 - 41% - 40% - 2:09
PK Forward
1 - 70% - 60% - 5:57
2 - 30% - 40% - 2:30
PK Defense
1 - 60% - 60% - 5:04
2 - 40% - 40% - 3:23
PK3 Forward
1 - 0% - 60%
2 - 0% - 40%
PK3 Defense
1 - 0% - 60%
2 - 0% - 40%
44 Forward
1 - 0% - 60%
2 - 0% - 40%
44 Defense
1 - 0% - 60%
2 - 0% - 40%
Last Minute Offensive - 0:00
Last Minute Defensive - 0:00
Total
Forward - 60:00
Defense - 60:00
|
% Time on Ice - Red Wings
Lines # - Real PCT - Wanted PCT - Time Play
Normal Forward
1 - 35% - 40% - 16:04
2 - 30% - 33% - 13:52
3 - 21% - 20% - 9:53
4 - 14% - 7% - 6:29
Normal Defense
1 - 44% - 40% - 20:13
2 - 38% - 35% - 17:42
3 - 12% - 15% - 5:43
4 - 6% - 10% - 2:40
PP Forward
1 - 54% - 60% - 4:35
2 - 46% - 40% - 3:52
PP Defense
1 - 57% - 60% - 4:51
2 - 43% - 40% - 3:36
PK Forward
1 - 48% - 50% - 2:31
2 - 52% - 50% - 2:44
PK Defense
1 - 53% - 50% - 2:46
2 - 47% - 50% - 2:29
PK3 Forward
1 - 0% - 60%
2 - 0% - 40%
PK3 Defense
1 - 0% - 50%
2 - 0% - 50%
44 Forward
1 - 0% - 60%
2 - 0% - 40%
44 Defense
1 - 0% - 60%
2 - 0% - 40%
Last Minute Offensive - 0:00
Last Minute Defensive - 0:00
Total
Forward - 60:00
Defense - 60:00
|
Play by Play
1st period
0:01 of 1st period - Phil Kessel wins face-off versus Ryan Kesler in neutral zone.
0:27 of 1st period - Filip Kuba is hit by Ryan Mcdonagh and loses puck.
0:54 of 1st period - Snap shot by Kris Vernarsky.
0:54 of 1st period - Stopped by Michal Neuvirth without a rebound.
0:55 of 1st period - Nate Thompson wins face-off versus Mikael Granlund in Red Wings zone.
0:55 of 1st period - Nate Thompson is hit by Adam Burish.
1:09 of 1st period - Snap shot by Adam Burish.
1:09 of 1st period - Shot Blocked by Jiri Fischer.
1:27 of 1st period - Snap shot by Alexander Ovechkin.
1:27 of 1st period - Shot Misses the Net.
1:29 of 1st period - Slapshot by Brett Clark.
1:29 of 1st period - Stopped by Michal Neuvirth without a rebound.
1:30 of 1st period - Ryan Kesler wins face-off versus Tyler Johnson in Red Wings zone.
3:15 of 1st period - Slapshot by Ryan Kesler.
3:15 of 1st period - Stopped by Michal Neuvirth with a rebound.
3:21 of 1st period - Minor Penalty to Sean Bergenheim for Slashing.
3:22 of 1st period - Niclas Bergfors wins face-off versus Rick Nash in Red Wings zone.
3:55 of 1st period - Slapshot by Alexander Ovechkin.
3:55 of 1st period - Shot Misses the Net.
3:57 of 1st period - Wrist shot by Ryan Kesler.
3:57 of 1st period - Deflect By Niclas Bergfors.
3:57 of 1st period - Shot Blocked by Tyler Johnson.
3:57 of 1st period - Puck is out of play.
3:58 of 1st period - Tyler Johnson wins face-off versus Mikael Granlund in Red Wings zone.
5:21 of 1st period - Penalty to Sean Bergenheim is over, Sean Bergenheim is back on ice.
5:33 of 1st period - Slapshot by Mike Duco.
5:33 of 1st period - Stopped by Chad Johnson with a rebound.
6:01 of 1st period - Ryan Mcdonagh is hit by Sean Bergenheim and loses puck.
6:28 of 1st period - Ryan Kesler is hit by Marc Savard and loses puck.
6:55 of 1st period - Mikael Granlund is hit by Shea Weber and loses puck.
7:21 of 1st period - Icing by Sean Bergenheim.
7:22 of 1st period - Tyler Johnson wins face-off versus Ryan Kesler in Red Wings zone.
7:29 of 1st period - Slapshot by Steve Downie.
7:29 of 1st period - Shot Blocked by Brett Clark.
7:31 of 1st period - Backhand shot by Tyler Johnson.
7:31 of 1st period - Shot Blocked by Dmitri Kalinin.
7:33 of 1st period - Snap shot by Tyler Johnson.
7:33 of 1st period - Stopped by Chad Johnson without a rebound.
7:34 of 1st period - Ryan Kesler wins face-off versus Marc Savard in Predators zone.
7:45 of 1st period - Icing by Shea Weber.
7:46 of 1st period - Marc Savard wins face-off versus Frans Nielsen in Red Wings zone.
7:53 of 1st period - Slapshot by Byron Bitz.
7:53 of 1st period - Stopped by Michal Neuvirth without a rebound.
7:54 of 1st period - Marc Savard wins face-off versus Frans Nielsen in Red Wings zone.
8:09 of 1st period - Wrist shot by Rick Nash.
8:09 of 1st period - Shot Blocked by Ryan Mcdonagh.
8:11 of 1st period - Snap shot by Marc Savard.
8:11 of 1st period - Stopped by Chad Johnson with a rebound.
8:25 of 1st period - Snap shot by Adam Henrique.
8:25 of 1st period - Stopped by Chad Johnson without a rebound.
8:26 of 1st period - Ryan Kesler wins face-off versus Tyler Johnson in Predators zone.
8:53 of 1st period - Wrist shot by Alexander Ovechkin.
8:53 of 1st period - Stopped by Michal Neuvirth without a rebound.
8:54 of 1st period - Marc Savard wins face-off versus Frans Nielsen in Red Wings zone.
9:21 of 1st period - Byron Bitz is hit by Mike Duco and loses puck.
9:46 of 1st period - Byron Bitz is hit by Ole-Kristian Tollefsen and loses puck.
10:15 of 1st period - Off-side.
10:16 of 1st period - Ryan Kesler wins face-off versus Marc Savard in neutral zone.
11:08 of 1st period - Slapshot by Alexander Edler.
11:08 of 1st period - Deflect By Andy Miele.
11:08 of 1st period - Shot Misses the Net.
11:08 of 1st period - Puck is out of play.
11:09 of 1st period - Ryan Kesler wins face-off versus Marc Savard in Red Wings zone.
11:16 of 1st period - Snap shot by Ryan Kesler.
11:16 of 1st period - Stopped by Michal Neuvirth without a rebound.
11:17 of 1st period - Marc Savard wins face-off versus Ryan Kesler in Red Wings zone.
11:32 of 1st period - Snap shot by Phil Kessel.
11:32 of 1st period - Stopped by Chad Johnson with a rebound.
11:38 of 1st period - Wrist shot by Alexander Ovechkin.
11:38 of 1st period - Shot Misses the Net.
11:40 of 1st period - Slapshot by Ryan Mcdonagh.
11:40 of 1st period - Stopped by Michal Neuvirth with a rebound.
11:46 of 1st period - Brett Clark is hit by Marc Savard and loses puck.
11:51 of 1st period - Slapshot by Phil Kessel.
11:51 of 1st period - Stopped by Chad Johnson without a rebound.
11:52 of 1st period - Tyler Johnson wins face-off versus Byron Bitz in Predators zone.
12:08 of 1st period - Slapshot by Sean Bergenheim.
12:08 of 1st period - Shot Blocked by Ryan Mcdonagh.
12:18 of 1st period - Alex Picard is hit by Adam Burish and loses puck.
12:46 of 1st period - Minor Penalty to Kris Vernarsky for Roughing.
12:47 of 1st period - Ryan Kesler wins face-off versus Marc Savard in Predators zone.
13:27 of 1st period - Ryan Kesler is hit by Filip Kuba and loses puck.
14:34 of 1st period - Jiri Fischer is hit by Ryan Kesler and loses puck.
14:46 of 1st period - Penalty to Kris Vernarsky is over, Kris Vernarsky is back on ice.
14:51 of 1st period - Snap shot by Alex Picard.
14:51 of 1st period - Stopped by Chad Johnson with a rebound.
14:53 of 1st period - Wrist shot by Alex Picard.
14:53 of 1st period - Shot Misses the Net.
14:55 of 1st period - Wrist shot by Ales Hemsky.
14:55 of 1st period - Goal by Ales Hemsky - Predators : 0 - Red Wings : 1.
14:56 of 1st period - Marc Savard wins face-off versus Ryan Kesler in neutral zone.
15:44 of 1st period - Minor Penalty to David Jones for Hooking.
15:45 of 1st period - Marc Savard wins face-off versus Ryan Kesler in Predators zone.
16:15 of 1st period - Wrist shot by Filip Kuba.
16:15 of 1st period - Deflect By Tyler Johnson.
16:15 of 1st period - Goal by Tyler Johnson - Predators : 0 - Red Wings : 2.
16:16 of 1st period - Ryan Kesler wins face-off versus Marc Savard in neutral zone.
16:38 of 1st period - Minor Penalty to Alexander Ovechkin for Hooking.
16:39 of 1st period - Rick Nash wins face-off versus Ryan Kesler in Predators zone.
17:15 of 1st period - Off-side.
17:16 of 1st period - Tyler Johnson wins face-off versus Frans Nielsen in neutral zone.
17:23 of 1st period - Wrist shot by Steve Downie.
17:23 of 1st period - Shot Blocked by Brett Clark.
17:25 of 1st period - Backhand shot by Filip Kuba.
17:25 of 1st period - Shot Misses the Net.
17:27 of 1st period - Slapshot by Jiri Fischer.
17:27 of 1st period - Shot Misses the Net.
17:29 of 1st period - Slapshot by Jiri Fischer.
17:29 of 1st period - Deflect By Steve Downie.
17:29 of 1st period - Shot Blocked by Byron Bitz.
17:29 of 1st period - Puck is out of play.
17:30 of 1st period - Marc Savard wins face-off versus Ryan Kesler in Predators zone.
18:02 of 1st period - Slapshot by Shea Weber.
18:02 of 1st period - Shot Blocked by Brett Clark.
18:04 of 1st period - Wrist shot by Sean Bergenheim.
18:04 of 1st period - Deflect By Tyler Johnson.
18:04 of 1st period - Shot Blocked by Brett Clark.
18:04 of 1st period - Puck is out of play.
18:05 of 1st period - Ryan Kesler wins face-off versus Marc Savard in Predators zone.
18:16 of 1st period - Wrist shot by Jiri Fischer.
18:16 of 1st period - Stopped by Chad Johnson with a rebound.
18:32 of 1st period - Ryan Mcdonagh is hit by Jiri Fischer and loses puck.
18:38 of 1st period - Penalty to Alexander Ovechkin is over, Alexander Ovechkin is back on ice.
19:24 of 1st period - Wrist shot by Mikael Granlund.
19:24 of 1st period - Shot Misses the Net.
19:36 of 1st period - Wrist shot by Ryan Kesler.
19:36 of 1st period - Stopped by Michal Neuvirth with a rebound.
19:38 of 1st period - Wrist shot by Ryan Kesler.
19:38 of 1st period - Shot Misses the Net.
19:58 of 1st period - Snap shot by David Jones.
19:58 of 1st period - Shot Misses the Net.
Goals for this period are 0 for Predators vs 2 for Red Wings.
Shots for this period are 8 for Predators vs 10 for Red Wings.
2nd period
0:01 of 2nd period - Ryan Kesler wins face-off versus Phil Kessel in neutral zone.
0:26 of 2nd period - Ole-Kristian Tollefsen is hit by Alexander Steen and loses puck.
0:35 of 2nd period - Wrist shot by Frans Nielsen.
0:35 of 2nd period - Shot Misses the Net.
0:51 of 2nd period - Slapshot by Filip Kuba.
0:51 of 2nd period - Stopped by Chad Johnson with a rebound.
0:53 of 2nd period - Snap shot by Mike Duco.
0:53 of 2nd period - Shot Misses the Net.
0:55 of 2nd period - Snap shot by Brendan Bell.
0:55 of 2nd period - Stopped by Chad Johnson without a rebound.
0:56 of 2nd period - Nate Thompson wins face-off versus Ryan Kesler in Predators zone.
0:57 of 2nd period - Snap shot by Mike Duco.
0:57 of 2nd period - Stopped by Chad Johnson with a rebound.
1:07 of 2nd period - Snap shot by Ryan Kesler.
1:07 of 2nd period - Shot Misses the Net.
1:09 of 2nd period - Snap shot by Alexander Ovechkin.
1:09 of 2nd period - Shot Misses the Net.
1:11 of 2nd period - Slapshot by Dmitri Kalinin.
1:11 of 2nd period - Deflect By Alexander Ovechkin.
1:11 of 2nd period - Shot Misses the Net.
1:11 of 2nd period - Puck is out of play.
1:12 of 2nd period - Marc Savard wins face-off versus Frans Nielsen in Red Wings zone.
1:37 of 2nd period - Alexander Ovechkin is hit by Jiri Fischer and loses puck.
2:06 of 2nd period - Wrist shot by Ryan Kesler.
2:06 of 2nd period - Shot Blocked by Filip Kuba.
2:08 of 2nd period - Snap shot by Ryan Kesler.
2:08 of 2nd period - Stopped by Michal Neuvirth without a rebound.
2:09 of 2nd period - Marc Savard wins face-off versus Frans Nielsen in Red Wings zone.
2:35 of 2nd period - Frans Nielsen is hit by Alex Picard.
2:41 of 2nd period - Wrist shot by Alexander Steen.
2:41 of 2nd period - Deflect By Byron Bitz.
2:41 of 2nd period - Shot Blocked by Jiri Fischer.
2:41 of 2nd period - Puck is out of play.
2:42 of 2nd period - Adam Henrique wins face-off versus Ryan Kesler in Red Wings zone.
2:42 of 2nd period - Adam Henrique is hit by Ryan Kesler.
2:48 of 2nd period - Slapshot by Filip Kuba.
2:48 of 2nd period - Stopped by Chad Johnson with a rebound.
2:58 of 2nd period - Snap shot by Ales Hemsky.
2:58 of 2nd period - Shot Misses the Net.
3:00 of 2nd period - Slapshot by Filip Kuba.
3:00 of 2nd period - Deflect By Alex Picard.
3:00 of 2nd period - Stopped by Chad Johnson with a rebound.
3:02 of 2nd period - Slapshot by Filip Kuba.
3:02 of 2nd period - Stopped by Chad Johnson without a rebound.
3:03 of 2nd period - Frans Nielsen wins face-off versus Marc Savard in Predators zone.
3:23 of 2nd period - Ryan Mcdonagh is hit by Marc Savard and loses puck.
3:38 of 2nd period - Slapshot by Niclas Bergfors.
3:38 of 2nd period - Goal by Niclas Bergfors - Predators : 1 - Red Wings : 2.
3:39 of 2nd period - Marc Savard wins face-off versus Ryan Kesler in neutral zone.
4:35 of 2nd period - Snap shot by Ales Hemsky.
4:35 of 2nd period - Shot Blocked by Frans Nielsen.
4:37 of 2nd period - Slapshot by Ales Hemsky.
4:37 of 2nd period - Stopped by Chad Johnson without a rebound.
4:38 of 2nd period - Marc Savard wins face-off versus Ryan Kesler in Predators zone.
4:52 of 2nd period - Slapshot by Phil Kessel.
4:52 of 2nd period - Stopped by Chad Johnson without a rebound.
4:53 of 2nd period - Sean Bergenheim wins face-off versus Adam Burish in Predators zone.
4:56 of 2nd period - Snap shot by Tyler Johnson.
4:56 of 2nd period - Stopped by Chad Johnson without a rebound.
4:57 of 2nd period - Tyler Johnson wins face-off versus Mikael Granlund in Predators zone.
5:08 of 2nd period - Snap shot by Tyler Johnson.
5:08 of 2nd period - Stopped by Chad Johnson without a rebound.
5:09 of 2nd period - Marc Savard wins face-off versus Ryan Kesler in Predators zone.
5:50 of 2nd period - Wrist shot by Mikael Granlund.
5:50 of 2nd period - Shot Misses the Net.
6:08 of 2nd period - Slapshot by Shea Weber.
6:08 of 2nd period - Stopped by Chad Johnson with a rebound.
6:10 of 2nd period - Snap shot by Sean Bergenheim.
6:10 of 2nd period - Deflect By Alexander Steen.
6:10 of 2nd period - Shot Misses the Net.
6:10 of 2nd period - Puck is out of play.
6:11 of 2nd period - Adam Henrique wins face-off versus Ryan Kesler in Predators zone.
6:18 of 2nd period - Wrist shot by Adam Henrique.
6:18 of 2nd period - Stopped by Chad Johnson with a rebound.
6:20 of 2nd period - Backhand shot by Ole-Kristian Tollefsen.
6:20 of 2nd period - Shot Hit the Post.
6:22 of 2nd period - Wrist shot by Alex Picard.
6:22 of 2nd period - Stopped by Chad Johnson without a rebound.
6:23 of 2nd period - Ryan Kesler wins face-off versus Tyler Johnson in Predators zone.
6:49 of 2nd period - Phil Kessel is hit by Ryan Mcdonagh and loses puck.
7:23 of 2nd period - Tim Ramholt is hit by Byron Bitz and loses puck.
7:34 of 2nd period - Wrist shot by Alexander Steen.
7:34 of 2nd period - Stopped by Michal Neuvirth with a rebound.
7:36 of 2nd period - Slapshot by Alexander Edler.
7:36 of 2nd period - Shot Misses the Net.
7:50 of 2nd period - Snap shot by Alexander Steen.
7:50 of 2nd period - Stopped by Michal Neuvirth without a rebound.
7:51 of 2nd period - Alexander Ovechkin wins face-off versus Marc Savard in Red Wings zone.
7:58 of 2nd period - Brett Clark is hit by Rick Nash and loses puck.
8:29 of 2nd period - Slapshot by Mikael Granlund.
8:29 of 2nd period - Stopped by Michal Neuvirth with a rebound.
8:43 of 2nd period - Brett Clark is hit by Alex Picard and loses puck.
8:52 of 2nd period - Snap shot by Alex Picard.
8:52 of 2nd period - Shot Misses the Net.
9:27 of 2nd period - Minor Penalty to Filip Kuba for Hooking.
9:28 of 2nd period - Ryan Kesler wins face-off versus Tyler Johnson in Red Wings zone.
11:27 of 2nd period - Penalty to Filip Kuba is over, Filip Kuba is back on ice.
11:50 of 2nd period - Off-side.
11:51 of 2nd period - Frans Nielsen wins face-off versus Nate Thompson in neutral zone.
12:02 of 2nd period - Alexander Steen is hit by Nate Thompson and loses puck.
12:06 of 2nd period - Icing by Byron Bitz.
12:07 of 2nd period - Rick Nash wins face-off versus Frans Nielsen in Predators zone.
12:41 of 2nd period - Slapshot by Shea Weber.
12:41 of 2nd period - Shot Blocked by Ryan Mcdonagh.
12:43 of 2nd period - Wrist shot by Steve Downie.
12:43 of 2nd period - Deflect By Sean Bergenheim.
12:43 of 2nd period - Goal by Sean Bergenheim - Predators : 1 - Red Wings : 3.
12:44 of 2nd period - Ryan Kesler wins face-off versus Marc Savard in neutral zone.
12:52 of 2nd period - Alexander Edler is hit by Jiri Fischer and loses puck.
13:11 of 2nd period - Steve Downie is hit by James Van Riemsdyk and loses puck.
13:36 of 2nd period - Slapshot by Nate Thompson.
13:36 of 2nd period - Shot Blocked by Brett Clark.
14:04 of 2nd period - Snap shot by Andy Miele.
14:04 of 2nd period - Shot Hit the Post.
14:24 of 2nd period - Snap shot by Alexander Ovechkin.
14:24 of 2nd period - Goal by Alexander Ovechkin - Predators : 2 - Red Wings : 3.
14:25 of 2nd period - Tyler Johnson wins face-off versus Ryan Kesler in neutral zone.
14:28 of 2nd period - Wrist shot by Sean Bergenheim.
14:28 of 2nd period - Stopped by Chad Johnson with a rebound.
14:30 of 2nd period - Wrist shot by Jiri Fischer.
14:30 of 2nd period - Deflect By Alexander Ovechkin.
14:30 of 2nd period - Stopped by Chad Johnson without a rebound.
14:31 of 2nd period - Ryan Kesler wins face-off versus Tyler Johnson in Predators zone.
14:36 of 2nd period - Slapshot by Sean Bergenheim.
14:36 of 2nd period - Stopped by Chad Johnson with a rebound.
14:38 of 2nd period - Snap shot by Steve Downie.
14:38 of 2nd period - Stopped by Chad Johnson without a rebound.
14:39 of 2nd period - Ryan Kesler wins face-off versus Marc Savard in Predators zone.
14:43 of 2nd period - Off-side.
14:44 of 2nd period - Ryan Kesler wins face-off versus Marc Savard in neutral zone.
15:01 of 2nd period - Minor Penalty to Alexander Edler for Hooking.
15:02 of 2nd period - Marc Savard wins face-off versus Ryan Kesler in Predators zone.
16:08 of 2nd period - Alexander Ovechkin is hit by Filip Kuba and loses puck.
16:39 of 2nd period - Sean Bergenheim is hit by Alexander Ovechkin and loses puck.
17:01 of 2nd period - Penalty to Alexander Edler is over, Alexander Edler is back on ice.
17:06 of 2nd period - Alexander Edler is hit by Ales Hemsky and loses puck.
17:21 of 2nd period - Ryan Mcdonagh is hit by Tim Ramholt.
17:33 of 2nd period - Snap shot by James Van Riemsdyk.
17:33 of 2nd period - Stopped by Michal Neuvirth without a rebound.
17:34 of 2nd period - Adam Henrique wins face-off versus Mikael Granlund in Red Wings zone.
18:37 of 2nd period - Wrist shot by Ryan Kesler.
18:37 of 2nd period - Shot Blocked by Jiri Fischer.
18:43 of 2nd period - Backhand shot by Jiri Fischer.
18:43 of 2nd period - Stopped by Chad Johnson without a rebound.
18:44 of 2nd period - Tyler Johnson wins face-off versus Frans Nielsen in Predators zone.
19:28 of 2nd period - Wrist shot by Sean Bergenheim.
19:28 of 2nd period - Deflect By Steve Downie.
19:28 of 2nd period - Shot Misses the Net.
19:28 of 2nd period - Puck is out of play.
19:29 of 2nd period - Marc Savard wins face-off versus Ryan Kesler in Predators zone.
19:44 of 2nd period - Alexander Ovechkin is hit by Rick Nash and loses puck.
Goals for this period are 2 for Predators vs 1 for Red Wings.
Shots for this period are 7 for Predators vs 19 for Red Wings.
3rd period
0:01 of 3rd period - Ryan Kesler wins face-off versus Marc Savard in neutral zone.
0:10 of 3rd period - Wrist shot by Ryan Kesler.
0:10 of 3rd period - Shot Blocked by Shea Weber.
0:23 of 3rd period - Icing by Niclas Bergfors.
0:24 of 3rd period - Tyler Johnson wins face-off versus Frans Nielsen in Predators zone.
0:42 of 3rd period - Off-side.
0:43 of 3rd period - Marc Savard wins face-off versus Ryan Kesler in neutral zone.
1:16 of 3rd period - Snap shot by Steve Downie.
1:16 of 3rd period - Stopped by Chad Johnson with a rebound.
1:18 of 3rd period - Wrist shot by Sean Bergenheim.
1:18 of 3rd period - Shot Misses the Net.
1:32 of 3rd period - Slapshot by Alexander Steen.
1:32 of 3rd period - Shot Misses the Net.
1:58 of 3rd period - Minor Penalty to Andy Miele for Slashing.
1:59 of 3rd period - Marc Savard wins face-off versus Ryan Kesler in Predators zone.
3:58 of 3rd period - Penalty to Andy Miele is over, Andy Miele is back on ice.
4:10 of 3rd period - Icing by Kris Vernarsky.
4:11 of 3rd period - Nate Thompson wins face-off versus Andy Miele in Predators zone.
4:22 of 3rd period - Wrist shot by Adam Henrique.
4:22 of 3rd period - Stopped by Chad Johnson with a rebound.
4:24 of 3rd period - Slapshot by Tim Ramholt.
4:24 of 3rd period - Shot Misses the Net.
4:26 of 3rd period - Snap shot by Adam Henrique.
4:26 of 3rd period - Shot Blocked by John Moore.
4:59 of 3rd period - Minor Penalty to Brendan Bell for Hooking.
5:00 of 3rd period - Tyler Johnson wins face-off versus Alexander Ovechkin in Red Wings zone.
5:04 of 3rd period - Shea Weber is hit by Alexander Edler.
5:32 of 3rd period - Slapshot by Alexander Edler.
5:32 of 3rd period - Shot Misses the Net.
5:34 of 3rd period - Wrist shot by Byron Bitz.
5:34 of 3rd period - Shot Misses the Net.
5:36 of 3rd period - Snap shot by Byron Bitz.
5:36 of 3rd period - Stopped by Michal Neuvirth without a rebound.
5:37 of 3rd period - Ryan Kesler wins face-off versus Rick Nash in Red Wings zone.
5:38 of 3rd period - Wrist shot by Niclas Bergfors.
5:38 of 3rd period - Shot Blocked by Sean Bergenheim.
5:40 of 3rd period - Slapshot by Ryan Kesler.
5:40 of 3rd period - Shot Misses the Net.
5:42 of 3rd period - Slapshot by Dmitri Kalinin.
5:42 of 3rd period - Goal by Dmitri Kalinin - Predators : 3 - Red Wings : 3.
5:43 of 3rd period - Marc Savard wins face-off versus Ryan Kesler in neutral zone.
7:02 of 3rd period - Slapshot by Adam Burish.
7:02 of 3rd period - Shot Blocked by Shea Weber.
7:10 of 3rd period - Wrist shot by Phil Kessel.
7:10 of 3rd period - Deflect By Rick Nash.
7:10 of 3rd period - Stopped by Chad Johnson without a rebound.
7:11 of 3rd period - Tyler Johnson wins face-off versus Ryan Kesler in Predators zone.
7:27 of 3rd period - Snap shot by Sean Bergenheim.
7:27 of 3rd period - Shot Misses the Net.
9:10 of 3rd period - Icing by Nate Thompson.
9:11 of 3rd period - Nate Thompson wins face-off versus Mikael Granlund in Red Wings zone.
9:22 of 3rd period - Wrist shot by Adam Burish.
9:22 of 3rd period - Shot Misses the Net.
9:58 of 3rd period - Alexander Steen is hit by Marc Savard and loses puck.
10:10 of 3rd period - Minor Penalty to Rick Nash for Hooking.
10:11 of 3rd period - Tyler Johnson wins face-off versus Ryan Kesler in Red Wings zone.
10:19 of 3rd period - Snap shot by Alexander Ovechkin.
10:19 of 3rd period - Deflect By Niclas Bergfors.
10:19 of 3rd period - Shot Misses the Net.
10:19 of 3rd period - Puck is out of play.
10:20 of 3rd period - Tyler Johnson wins face-off versus Ryan Kesler in Red Wings zone.
10:29 of 3rd period - Alexander Ovechkin is hit by Jiri Fischer and loses puck.
10:44 of 3rd period - Snap shot by Ryan Kesler.
10:44 of 3rd period - Goal by Ryan Kesler - Predators : 4 - Red Wings : 3.
10:45 of 3rd period - Ryan Kesler wins face-off versus Phil Kessel in neutral zone.
11:17 of 3rd period - Wrist shot by Alexander Steen.
11:17 of 3rd period - Stopped by Michal Neuvirth without a rebound.
11:18 of 3rd period - Tyler Johnson wins face-off versus Alexander Steen in Red Wings zone.
11:27 of 3rd period - Snap shot by Tyler Johnson.
11:27 of 3rd period - Stopped by Chad Johnson without a rebound.
11:28 of 3rd period - Ryan Kesler wins face-off versus Tyler Johnson in Predators zone.
11:33 of 3rd period - Sean Bergenheim is hit by Ryan Kesler and loses puck.
11:56 of 3rd period - Wrist shot by Sean Bergenheim.
11:56 of 3rd period - Stopped by Chad Johnson without a rebound.
11:57 of 3rd period - Frans Nielsen wins face-off versus Marc Savard in Predators zone.
12:22 of 3rd period - Ole-Kristian Tollefsen is hit by Adam Burish and loses puck.
12:27 of 3rd period - Backhand shot by Mikael Granlund.
12:27 of 3rd period - Stopped by Michal Neuvirth without a rebound.
12:28 of 3rd period - Ryan Kesler wins face-off versus Tyler Johnson in Red Wings zone.
12:57 of 3rd period - Icing by Niclas Bergfors.
12:58 of 3rd period - Ryan Kesler wins face-off versus Adam Henrique in Predators zone.
13:45 of 3rd period - Off-side.
13:46 of 3rd period - Sean Bergenheim wins face-off versus Mikael Granlund in neutral zone.
13:53 of 3rd period - Slapshot by Steve Downie.
13:53 of 3rd period - Shot Misses the Net.
14:27 of 3rd period - Wrist shot by Steve Downie.
14:27 of 3rd period - Deflect By Alexander Edler.
14:27 of 3rd period - Shot Misses the Net.
14:27 of 3rd period - Puck is out of play.
14:28 of 3rd period - Ryan Kesler wins face-off versus Marc Savard in Predators zone.
14:39 of 3rd period - Snap shot by Alexander Ovechkin.
14:39 of 3rd period - Stopped by Michal Neuvirth without a rebound.
14:40 of 3rd period - Alexander Ovechkin wins face-off versus Marc Savard in Red Wings zone.
15:35 of 3rd period - Slapshot by Filip Kuba.
15:35 of 3rd period - Shot Hit the Post.
16:01 of 3rd period - Backhand shot by Filip Kuba.
16:01 of 3rd period - Deflect By Mike Duco.
16:01 of 3rd period - Deflect By Frans Nielsen.
16:01 of 3rd period - Stopped by Chad Johnson with a rebound.
16:11 of 3rd period - Snap shot by Niclas Bergfors.
16:11 of 3rd period - Shot Misses the Net.
16:13 of 3rd period - Snap shot by Ryan Kesler.
16:13 of 3rd period - Goal by Ryan Kesler - Predators : 5 - Red Wings : 3.
16:14 of 3rd period - Adam Henrique wins face-off versus Mikael Granlund in neutral zone.
16:16 of 3rd period - Shea Weber is hit by Mikael Granlund and loses puck.
17:45 of 3rd period - Wrist shot by Rick Nash.
17:45 of 3rd period - Shot Blocked by John Moore.
17:47 of 3rd period - Slapshot by Rick Nash.
17:47 of 3rd period - Deflect By Phil Kessel.
17:47 of 3rd period - Stopped by Chad Johnson with a rebound.
17:58 of 3rd period - Icing by Adam Burish.
17:59 of 3rd period - Adam Henrique wins face-off versus Mikael Granlund in Predators zone.
18:35 of 3rd period - Slapshot by Ryan Kesler.
18:35 of 3rd period - Shot Blocked by Filip Kuba.
18:54 of 3rd period - Icing by Niclas Bergfors.
18:55 of 3rd period - Ryan Kesler wins face-off versus Adam Henrique in Predators zone.
Goals for this period are 3 for Predators vs 0 for Red Wings.
Shots for this period are 7 for Predators vs 7 for Red Wings.
Back to the Top